 Dungeon Crawl Stone Soup version 0.21.1-1-g345015f (webtiles) character file.

29 keltmir the Cudgeler (level 3, -11/28 HPs)
             Began as a Demonspawn Gladiator on Mar 21, 2018.
             Mangled by a thrashing horror (12 damage)
             ... on level 1 of the Abyss.
             The game lasted 00:04:50 (590 turns).

keltmir the Cudgeler (Demonspawn Gladiator)          Turns: 590, Time: 00:04:51

Health: -11/28     AC:  4    Str: 15    XL:     3   Next: 1%
Magic:  3/3        EV: 12    Int:  9    God:
Gold:   52         SH:  0    Dex: 14    Spells: 2/2 levels left

rFire    . . .     SeeInvis .   a - +1 flail
rCold    . . .     Gourm    .   (no shield)
rNeg     . . .     Faith    .   b - +0 leather armour
rPois    .         Spirit   .   c - +0 helmet
rElec    .         Reflect  .   (no cloak)
rCorr    .         Harm     .   (no gloves)
MR       .....                  (no boots)
Stlth    +.........             k - amulet of regeneration
HPRegen  0.49/turn              (no ring)
MPRegen  0.08/turn              (no ring)

@: very slightly contaminated
A: talons 1, demonic guardian 1
a: no special abilities


You were on level 1 of the Abyss.
You were not hungry.

You visited 1 branch of the dungeon, and saw 1 of its levels.
You visited the Abyss 1 time.

You collected 52 gold pieces.

Inventory:

Hand Weapons
 a - a +1 flail (weapon)
Missiles
 d - 3 throwing nets (quivered)
 o - 13 poisoned needles
Armour
 b - a +0 leather armour (worn)
 c - a +0 helmet (worn)
 l - a +0 chain mail
Jewellery
 k - an amulet of regeneration (around neck)
 m - an uncursed ring of ice
Wands
 q - a wand of iceblast (10)
Scrolls
 n - a scroll of identify
Potions
 h - a potion of curing {unknown}
 i - a potion of mutation {unknown}
 p - a potion of resistance {unknown}
Comestibles
 f - a ration
 g - 3 chunks of flesh


   Skills:
 * Level 2.9 Fighting
 + Level 3.0 Maces & Flails
 - Level 1.7 Throwing
 + Level 1.0 Armour
 - Level 2.6 Dodging


You had 2 spell levels left.
You didn't know any spells.

Dungeon Overview and Level Annotations

Branches:
Dungeon (1/15)

Altars:


Innate Abilities, Weirdness & Mutations

You have sharp toenails.
A weak demonic guardian rushes to your aid.


Message History

As you read the scroll labeled OSE MILLIEKETI, it crumbles to dust.
It was a scroll of blinking.
The thrashing horror roars!
The thrashing horror closely misses you. x2
The thrashing horror roars!
The thrashing horror tramples you but does no damage.
The thrashing horror tramples you.
You stumble backwards!
The thrashing horror closely misses you.
The thrashing horror tramples you.
* * * LOW HITPOINT WARNING * * *
You stumble backwards!
As you read the scroll labeled EPHEOL QARI, it crumbles to dust.
It is a scroll of enchant weapon.
Your +0 flail glows red for a moment.
The thrashing horror misses you. The thrashing horror tramples you.
* * * LOW HITPOINT WARNING * * *
You stumble backwards!
The thrashing horror roars!
The thrashing horror tramples you!
You die...

.... #...# ...... #...#
......###...#
.....#..#...#####
......#.#.......## .
..#.#..........#
#.....##..#.....# .
......#.....#5.#
.#.....##......X@#
.#....#.#.............#
# . ..
##..........#....
#5#... ##.#...##..# ##
..#... ...#.### #..#
..#... #.##.## ..# ..#
#.#.. .## ### ... .. #


You could see a thrashing horror and a friendly ufetubus.

Vanquished Creatures
  4 dart slugs (D:1)
  A leopard gecko (D:1)
  A giant cockroach (D:1)
  4 goblins (D:1)
  2 hobgoblins (D:1)
  A kobold (D:1)
  3 bats (D:1)
  A frilled lizard (D:1)
  3 rats (D:1)
20 creatures vanquished.

Notes
Turn   | Place    | Note
-------+----------+-------------------------------------------
     0 | D:1      | keltmir the Demonspawn Gladiator began the quest for the Orb.
     0 | D:1      | Reached XP level 1. HP: 16/16 MP: 1/1
    68 | D:1      | Gained mutation: You have sharp toenails. [demonic ancestry]
    68 | D:1      | Reached XP level 2. HP: 18/23 MP: 2/2
   390 | D:1      | Reached skill level 3 in Maces & Flails
   501 | D:1      | Reached skill level 1 in Armour
   515 | D:1      | Gained mutation: A weak demonic guardian rushes to your aid. [demonic ancestry]
   515 | D:1      | Reached XP level 3. HP: 26/28 MP: 3/3
   573 | D:1      | Cast into level 1 of the Abyss (kobold)
   575 | Abyss:1  | Noticed a thrashing horror
   589 | Abyss:1  | HP: 1/28 [thrashing horror (5)]
   590 | Abyss:1  | Mangled by a thrashing horror

Skill      XL: |  1  2 |
---------------+-------+-----
Maces & Flails | 3 |  3.0
Armour         | 1 |  1.0
Fighting       | |  2.9
Throwing       | |  1.7
Dodging        | |  2.6

Action                   || total
-------------------------++-------
Melee: Flail             ||    67
       Kick              ||    13
  Use: Scroll            ||     4
 Stab: Sleeping          ||     1
Armor: Leather armour    ||    25
Dodge: Dodged            ||    67
